 Dungeon Crawl Stone Soup version 0.32-a0-928-g1cae6b7ea0 (webtiles) character file.

Game seed: 17986870553333023884

326 RBrandon the Trooper (level 6, -2/56 HPs)
             Began as a Mountain Dwarf Monk on Apr 12, 2024.
             Slain by a gnoll
             ... wielding a +0 halberd
              (8 damage)
             ... on level 5 of the Dungeon.
             The game lasted 00:05:45 (3144 turns).

RBrandon the Trooper (Mountain Dwarf Monk)          Turns: 3144, Time: 00:05:45

Health: -2/56      AC:  9    Str: 13 (14) XL:     6   Next: 24%
Magic:  6/6        EV:  6    Int: 10      God:
Gold:   145        SH:  0    Dex: 16      Spells: 5/5 levels left

rFire   + . .        o - +0 war axe
rCold   + . .        d - orb {light}
rNeg    . . .        l - +0 chain mail
rPois   +            (helmet currently unavailable)
rElec   +            (cloak currently unavailable)
rCorr   +            (gloves currently unavailable)
SInv    .            (boots currently unavailable)
Will    .....        (no amulet) Stlth
                     (no ring)
HPRegen 0.00/turn    (no ring)
MPRegen 0.10/turn

%: no passive effects
@: beast-form, resistant, inhibited regen, glowing
A: beast (slay +1), runic magic, artefact enchanting, agile 1, inhibited
regeneration, subdued magic 1, MP-powered wands
a: Begin Untransformation


You were on level 5 of the Dungeon.
You were a hulking beast.
You visited 1 branch of the dungeon, and saw 5 of its levels.

You collected 145 gold pieces.

Inventory:

Hand Weapons
 a - a +0 hand axe
 o - a +0 war axe (weapon)
Armour
 b - a +0 robe
 d - an orb of light (worn)
 h - a +0 ring mail
 l - a +0 chain mail (worn)
Jewellery
 m - a ring of willpower
Talismans
 e - a beast talisman (active)
Scrolls
 f - 3 scrolls of identify {unknown}
 j - 2 scrolls of torment {unknown}
 r - a scroll of teleportation {unknown}
 s - 2 scrolls of immolation {unknown}
Potions
 c - a potion of ambrosia
 g - a potion of curing {unknown}


   Skills:
 + Level 5.4 Fighting
 - Level 3.6 Axes
 + Level 4.1 Armour
 - Level 2.1 Dodging
 - Level 2.2 Shapeshifting


You had 5 spell levels left.
You didn't know any spells.
Your spell library contained the following spells:

 Spells                   Type           Power      Damage    Failure   Level
 Kiss of Death            Conj/Necr      0%         2d5       56%         1
 Confusing Touch          Hex            0%         N/A       91%         3
 Dispel Undead            Necr           0%         3d6       100%        4


Dungeon Overview and Level Annotations

Branches:
Dungeon (5/15)
 Temple: D:4-7

Altars:
Kikubaaqudgha
Uskayaw

Annotations:
D:4 Edmund


Innate Abilities, Weirdness & Mutations

You are a hulking beast.
Your limbs bulge with bestial killing power. (Slay +1)
Your spellcasting is much less encumbered by armour.
You can use scrolls of enchantment on lesser artefacts.
You are agile. (Dex +4, Str/Int -1)
You do not regenerate when monsters are visible.
Your spells are a little easier to cast, but a little less powerful.
You expend magic power (3 MP) to strengthen your wands.


Message History

The scorpion poisons you!
The gnoll hits you from afar with a +0 halberd.
You hit the scorpion but do no damage.
The scorpion is moderately wounded.
You slash the gnoll!
You kill the gnoll!
You feel very sick. The scorpion barely misses you.
The gnoll hits you from afar with a +0 halberd.
The scorpion stings you but does no damage.
The gnoll barely misses you.
You barely miss the scorpion.
The scorpion is moderately wounded.
You feel sick.
The scorpion stings you but does no damage.
The gnoll barely misses you.
The scorpion stings you but does no damage.
You barely miss the scorpion.
The scorpion is moderately wounded.
You feel sick.
The gnoll hits you from afar with a +0 halberd!
The scorpion stings you.
You hit the scorpion.
The scorpion is heavily wounded.
You feel sick. The scorpion stings you.
* * * LOW HITPOINT WARNING * * *
The gnoll hits you from afar with a +0 halberd!
* * * LOW HITPOINT WARNING * * *
The scorpion stings you.
* * * LOW HITPOINT WARNING * * *
You feel protected.
You feel sick. The gnoll closely misses you. The scorpion stings you.
* * * LOW HITPOINT WARNING * * *
Okay, then.
You feel sick.
You are no longer poisoned.
The scorpion attacks as it pursues you! The scorpion stings you.
* * * LOW HITPOINT WARNING * * *
The gnoll hits you from afar with a +0 halberd!
You die...

#..g.#
.###...##
...#..#.##.#
##...#######
........gs#
##........#
........##)#
#....###.#
.[...#.# #.#
#...##
.#..... #g##
##...#
.......
#.g## #...##
....#.#
##.s###...#
##.#.
#..#h.....#
#
#####.....#
###....#
##......
##......
......
......
#...#.


You could see a scorpion and 2 gnolls.

Vanquished Creatures
  An orc warrior (D:4)
  A scorpion (D:4)
  A sleepcap (D:4)
  5 gnolls (D:5)
  3 adders
  4 dart slugs
  3 ribbon worms
  2 orcs (D:4)
  8 ball pythons
  4 endoplasms
  3 giant cockroaches
  3 goblins
  7 hobgoblins
  A quokka (D:2)
  5 bats
  4 frilled lizards
  7 kobolds
  5 rats
67 creatures vanquished.

Notes
Turn   | Place    | Note
-------+----------+-------------------------------------------
     0 | D:1      | RBrandon the Mountain Dwarf Monk began the quest for the
                  | Orb.
     0 | D:1      | Reached XP level 1. HP: 19/19 MP: 1/1
   183 | D:1      | Reached skill level 1 in Shapeshifting
   196 | D:1      | Reached XP level 2. HP: 25/26 MP: 2/2
   731 | D:2      | Reached XP level 3. HP: 31/31 MP: 3/3
  1004 | D:2      | Found an ancient bone altar of Kikubaaqudgha.
  1129 | D:2      | Reached skill level 1 in Armour
  1667 | D:3      | Reached XP level 4. HP: 38/40 MP: 4/4
  2062 | D:4      | Noticed a scorpion
  2159 | D:4      | Killed a scorpion
  2160 | D:4      | Reached skill level 4 in Fighting
  2160 | D:4      | Reached XP level 5. HP: 44/47 MP: 5/5
  2300 | D:4      | Found a hide-covered altar of Uskayaw.
  2595 | D:4      | Noticed an orc warrior
  2597 | D:4      | Noticed Edmund
  2600 | D:4      | Gained mutation: Your mind is acute. (Int +4, Str/Dex -1)
                  | [potion of mutation]
  2600 | D:4      | Gained mutation: Armour fits poorly on your strangely
                  | shaped body. [potion of mutation]
  2600 | D:4      | Gained mutation: You occasionally lose the ability to drink
                  | potions when taking damage. [potion of mutation]
  2601 | D:4      | Lost mutation: Your mind is acute. (Int +4, Str/Dex -1)
                  | [potion of mutation]
  2601 | D:4      | Lost mutation: You occasionally lose the ability to drink
                  | potions when taking damage. [potion of mutation]
  2601 | D:4      | Lost mutation: Armour fits poorly on your strangely shaped
                  | body. [potion of mutation]
  2601 | D:4      | Gained mutation: You are agile. (Dex +4, Str/Int -1)
                  | [potion of mutation]
  2601 | D:4      | Gained mutation: You do not regenerate when monsters are
                  | visible. [potion of mutation]
  2601 | D:4      | Gained mutation: Your spells are a little easier to cast,
                  | but a little less powerful. [potion of mutation]
  2601 | D:4      | Gained mutation: You expend magic power (3 MP) to
                  | strengthen your wands. [potion of mutation]
  2645 | D:4      | Killed an orc warrior
  2646 | D:4      | Reached skill level 5 in Fighting
  2646 | D:4      | Reached XP level 6. HP: 5/56 MP: 6/6
  2946 | D:5      | Entered Level 5 of the Dungeon
  3144 | D:5      | Slain by a gnoll

Illustrated notes

Levels and vault maps discovered:
D:1:      psy_arrival_radial01, layout_rooms, serial_park_tiny_pond,
          dk_noncrumbling_3
D:2:      layout_basic, basic_altar, minmay_pentomino_o4
D:3:      layout_loops_ring, kennysheep_nub
D:4:      layout_loops_corners, eat_drink_and_be_merry_uskayaw,
          mainiacjoe_overflow_alcove_1, uniq_edmund
D:5:      layout_layer_cave, serial_shops, nicolae_square_shop, uniq_duvessa,
          uniq_crazy_yiuf_cottage

Skill      XL: |  1  2  3  4  5  6 |
---------------+-------------------+-----
Shapeshifting  | 1 2 |  2.2
Armour         | 1 2 3 4 |  4.1
Fighting       | 4 5 |  5.4
Axes           | |  3.6
Dodging        | |  2.1

Action                     |  1- 3 |  4- 6 || total
---------------------------+-------+-------++-------
  Melee: Hand axe          |   106 |       ||   106
         War axe           |     7 |    53 ||    60
    Use: Potion            |       |     9 ||     9
 Armour: Ring mail         |    36 |       ||    36
         Robe              |     5 |       ||     5
         Chain mail        |    46 |    55 ||   101
         Skin              |       |    29 ||    29
  Dodge: Dodged            |    60 |    31 ||    91
   Form: Beast             |     1 |       ||     1

Table legend: (Time is in decaauts)
 A = Elapsed time spent in this place.
 B = Non-inter-level travel time spent in this place.
 C = Inter-level travel time spent in this place.
 D = Time resting spent in this place.
 E = Time spent auto-exploring this place.
 F = Levels seen in this place.
 G = Mean time per level.
                   A        B        C        D        E       F      G
               +--------+--------+--------+--------+--------+-----+--------+
         Total |   3157 |   2939 |    218 |    157 |   2152 |   5 |  631.4 |
       Dungeon |   3157 |   2939 |    218 |    157 |   2152 |   5 |  631.4 |
               +--------+--------+--------+--------+--------+-----+--------+

Top non-repeatable levels by time:
     D:3: 1030 daAuts
     D:1: 733 daAuts
     D:4: 636 daAuts
     D:2: 553 daAuts
     D:5: 202 daAuts

Levels and vault maps discovered:
D:1:      psy_arrival_radial01, layout_rooms, serial_park_tiny_pond,
          dk_noncrumbling_3
D:2:      layout_basic, basic_altar, minmay_pentomino_o4
D:3:      layout_loops_ring, kennysheep_nub
D:4:      layout_loops_corners, eat_drink_and_be_merry_uskayaw,
          mainiacjoe_overflow_alcove_1, uniq_edmund
D:5:      layout_layer_cave, serial_shops, nicolae_square_shop, uniq_duvessa,
          uniq_crazy_yiuf_cottage

Table legend: (Time is in decaauts)
 A = Elapsed time spent in this place.
 B = Non-inter-level travel time spent in this place.
 C = Inter-level travel time spent in this place.
 D = Time resting spent in this place.
 E = Time spent auto-exploring this place.
 F = Levels seen in this place.
 G = Mean time per level.
                   A        B        C        D        E       F      G
               +--------+--------+--------+--------+--------+-----+--------+
         Total |   3157 |   2939 |    218 |    157 |   2152 |   5 |  631.4 |
       Dungeon |   3157 |   2939 |    218 |    157 |   2152 |   5 |  631.4 |
               +--------+--------+--------+--------+--------+-----+--------+

Top non-repeatable levels by time:
     D:3: 1030 daAuts
     D:1: 733 daAuts
     D:4: 636 daAuts
     D:2: 553 daAuts
     D:5: 202 daAuts

Table legend:
 A = Kills in this place as a percentage of kills in the entire game.
 B = Kills by you in this place as a percentage of kills by you in the entire game.
 C = Kills by friends in this place as a percentage of kills by friends in the entire game.
 D = Other kills in this place as a percentage of other kills in the entire game.
 E = Experience gained in this place as a percentage of experience gained in the entire game.
 F = Experience gained in this place divided by the number of levels of this place that you have seen.
                   A       B       C       D       E      F
               +-------+-------+-------+-------+-------+----------------------
         Total | 100.0 | 100.0 |   N/A |   N/A | 100.0 |  93.2
       Dungeon | 100.0 | 100.0 |   N/A |   N/A | 100.0 |  93.2
               +-------+-------+-------+-------+-------+----------------------
